AoeStats
← Peppenwolf

Arena

509903619Analyzed
2v2 RM · 4d ago on Sep 28, 2026· 88m 33s· 4 players
Game mode
Random Map
Map size
Medium (4 player)
Population
200
Speed
Normal
Resources
Standard
Victory
Conquest
Starting age
Dark Age
Ending age
Imperial Age
RankedLock teamsTeams togetherTeam positionsShared explorationLock speedFull tech treeHidden civsTurbo modeCheats
Victory
Defeat
🇨🇭 Ethiopians · Switzerland
1132
+11
🇨🇭 Franks · Switzerland
912
+20
🇹🇼 Khmer · Taiwan
1013
-16
🇹🇼 Khmer · Taiwan
991
-15
ss
5:13 Loom
10:41 Feudal Age
14:52 Castle Age
13:39 Double-Bit Axe
18:04 Husbandry
18:19 Bow Saw
20:06 Wheelbarrow
19:23 Horse Collar
27:31 Hand Cart
31:23 Imperial Age
29:16 Heavy Plow
29:31 Scale Barding Armor
31:22 Bloodlines
31:48 Chain Barding Armor
31:38 Forging
31:35 Fletching
32:17 Husbandry
34:34 Crop Rotation
34:37 Gold Mining
35:15 Heavy Scorpion
36:18 Light Cavalry
37:47 Iron Casting
41:05 Plate Barding Armor
41:31 Blast Furnace
40:33 Padded Archer Armor
40:46 Cavalier
40:49 Hussar
45:07 Chemistry
44:28 Ballistics
44:38 Bodkin Arrow
47:45 Double Crossbow
54:05 Murder Holes
60:06 Conscription
69:43 Caravan
69:30 Pikeman
69:56 Arson
70:14 Bracer
hauson.5168
12:18 Feudal Age
15:57 Castle Age
14:30 Double-Bit Axe
14:29 Horse Collar
17:34 Bow Saw
18:23 Scale Barding Armor
19:10 Gold Mining
25:38 Husbandry
26:34 Bloodlines
31:09 Chain Barding Armor
31:01 Forging
35:14 Iron Casting
34:49 Fletching
36:34 Iron Casting
36:10 Light Cavalry
39:09 Gold Shaft Mining
42:06 Imperial Age
41:29 Bodkin Arrow
42:35 Hussar
43:55 Plate Barding Armor
43:35 Double Crossbow
43:56 Cavalier
46:17 Blast Furnace
45:26 Elite Ballista Elephant
61:59 Heavy Scorpion
77:33 Pikeman
86:38 Halberdier
turgin
10:33 Feudal Age
15:00 Castle Age
13:24 Double-Bit Axe
13:34 Horse Collar
14:06 Gold Mining
16:40 Loom
17:16 Fletching
17:28 Heavy Plow
19:50 Scale Mail Armor
21:43 Squires
22:04 Town Watch
26:29 Wheelbarrow
27:01 Arson
28:12 Royal Heirs
28:36 Chain Mail Armor
33:50 Imperial Age
31:54 Hand Cart
33:57 Elite Shotel Warrior
35:02 Conscription
34:46 Town Patrol
35:00 Bow Saw
36:17 Chemistry
36:03 Bodkin Arrow
36:51 Torsion Engines
40:44 Siege Engineers
41:46 Plate Mail Armor
43:58 Heavy Scorpion
48:33 Bracer
49:57 Two-Man Saw
58:39 Halberdier
58:45 Halberdier
59:05 Capped Ram
59:59 Siege Ram
Peppenwolf
1:04 Loom
2:00 Loom
2:34 Loom
2:52 Loom
12:16 Feudal Age
12:56 Stone Mining
12:56 Gold Mining
12:53 Double-Bit Axe
21:14 Castle Age
20:33 Forging
22:32 Gold Shaft Mining
22:11 Bow Saw
22:00 Pikeman
23:28 Iron Casting
30:12 Imperial Age
29:21 Wheelbarrow
31:29 Hand Cart
33:14 Town Watch
35:05 Blast Furnace
33:42 Halberdier
34:51 Conscription
33:55 Cavalier
34:49 Scale Barding Armor
34:38 Fletching
36:02 Scale Mail Armor
38:04 Chemistry
37:15 Fortified Wall
37:28 Ballistics
40:39 Arson
44:44 Chain Barding Armor
47:31 Paladin
48:14 Husbandry
49:47 Plate Barding Armor
53:23 Chivalry
61:45 Bodkin Arrow
62:05 Chain Mail Armor
61:50 Murder Holes
62:30 Light Cavalry
64:05 Squires
67:36 Plate Mail Armor
68:48 Caravan
Connection lost

Rejoining the realm…

Still unreachable

The connection could not be restored.

Session expired

The server has moved on; the page needs a fresh start.